AoeStats
← Mr. Cold

Oasis

507132035Analyzed
4v4 RM · 16d ago on Sep 16, 2026· 28m 53s· 8 players
Game mode
Random Map
Map size
Large (8 player)
Population
200
Speed
Normal
Resources
Standard
Victory
Conquest
Starting age
Dark Age
Ending age
Imperial Age
RankedLock teamsTeams togetherTeam positionsShared explorationLock speedFull tech treeHidden civsTurbo modeCheats
Victory
Defeat
🇺🇸 Saracens · United States
1365
+11
🇺🇾 Khmer · Uruguay
1230
+17
🇨🇴 Ethiopians · Colombia
1226
+17
🇦🇷 Berbers · Argentina
1172
+18
🇸🇪 Vietnamese · Sweden
1265
-17
🇦🇷 Koreans · Argentina
1257
-16
🇲🇽 Lithuanians · Mexico
1231
-15
🇺🇸 Georgians · United States
1227
-15
Niccals_
6:11 Loom
9:24 Feudal Age
19:18 Forging
19:47 Scale Barding Armor
22:26 Bloodlines
26:36 Gold Mining
Flyingsheep78
7:56 Loom
10:33 Feudal Age
13:12 Fletching
13:20 Double-Bit Axe
17:08 Padded Archer Armor
25:07 Castle Age
24:25 Man-at-Arms
25:15 Crossbowman
28:01 Bodkin Arrow
Mr. Cold
7:21 Loom
9:37 Feudal Age
10:01 Horse Collar
10:07 Double-Bit Axe
12:30 Forging
14:51 Scale Barding Armor
20:07 Wheelbarrow
22:10 Gold Mining
24:39 Castle Age
25:48 Chain Barding Armor
26:03 Iron Casting
26:14 Iron Casting
25:07 Light Cavalry
27:02 Husbandry
scarabe
7:48 Loom
10:42 Feudal Age
11:15 Double-Bit Axe
13:35 Gold Mining
14:15 Padded Archer Armor
24:38 Castle Age
Arribia2
6:59 Loom
9:48 Feudal Age
13:52 Double-Bit Axe
15:50 Fletching
24:33 Forging
28:57 Castle Age
27:01 Gold Mining
Caballero Cruzado
3:07 Loom
10:32 Feudal Age
11:27 Double-Bit Axe
15:21 Fletching
15:31 Padded Archer Armor
29:14 Castle Age
28:37 Gold Mining
Paco
8:04 Loom
10:54 Feudal Age
11:32 Double-Bit Axe
11:34 Horse Collar
18:05 Bloodlines
20:34 Scale Barding Armor
20:52 Forging
23:25 Wheelbarrow
26:48 Castle Age
27:44 Heavy Plow
27:57 Bow Saw
27:58 Husbandry
LucasViola27
10:03 Feudal Age
11:08 Double-Bit Axe
13:42 Loom
13:44 Horse Collar
20:52 Castle Age
19:46 Bloodlines
21:03 Wheelbarrow
21:40 Husbandry
21:46 Scale Barding Armor
21:51 Forging
25:42 Iron Casting
26:24 Chain Barding Armor
Connection lost

Rejoining the realm…

Still unreachable

The connection could not be restored.

Session expired

The server has moved on; the page needs a fresh start.